FCL
FCL MINNESOTA TWINS @ FCL CLEVELAND GUARDIANS
04/24/2042
 
TOP OF THE 1ST
FCL Minnesota Twins batting - Pitching for FCL Cleveland Guardians : RHP Dan Pennington
Pitching: RHP Dan Pennington
Batting: RHB Luis Sánchez 0-0: Called Strike
0-1: Ball
1-1: Swinging Strike
1-2: Ball
2-2: Hit by Pitch
Batting: RHB Juan Vargas 0-0: Ball
Luis Sánchez steals 2nd base
1-0: Fly out, F4 (Popup, 4M, EV 57.5 MPH)
Batting: RHB Ric Hall 0-0: Foul Ball, location: 9LDF
0-1: Ball
1-1: Foul Ball, location: 2RF
1-2: Foul Ball, location: 2F
1-2: Foul Ball, location: 2F
1-2: Fly out, F8 (Line Drive, 8RD, EV 101.3 MPH)
Batting: LHB Ty Fiske 0-0: Called Strike
0-1: Ball
1-1: Swinging Strike
1-2: Foul Ball, location: 3DF
1-2: Strikes out swinging
Top of the 1st over - 0 runs, 0 hits, 0 errors, 1 left on base; FCL Minnesota 0 - FCL Cleveland 0
BOTTOM OF THE 1ST
FCL Cleveland Guardians batting - Pitching for FCL Minnesota Twins : RHP Dan Burch
Pitching: RHP Dan Burch
Batting: RHB Billy Reynolds 0-0: Ball
1-0: Ball
2-0: Ground out 1-3 (Groundball, 15, EV 70.6 MPH)
Batting: RHB Tyrone Owens 0-0: Ball
1-0: Ball
2-0: Foul Ball, location: 5F
2-1: Ball
3-1: Foul Ball, location: 9LSF
3-2: SINGLE (Groundball, 34D, EV 101.3 MPH)
Batting: LHB Mike Mueller 0-0: Ground out 4-3 (Groundball, 34, EV 109.4 MPH)
Tyrone Owens to second
Batting: RHB Ed Douglas 0-0: Ball
1-0: Ball
2-0: Ball
3-0: Base on Balls
Batting: RHB Govaart Schipper 0-0: Foul Ball, location: 9LDF
0-1: Ball
1-1: Ball
2-1: Ball
3-1: Base on Balls
Tyrone Owens to third
Ed Douglas to second
Batting: RHB Enrico González 0-0: Called Strike
0-1: Swinging Strike
0-2: Ball
1-2: Ground out U3 (Groundball, 34S, EV 89.4 MPH)
Bottom of the 1st over - 0 runs, 1 hit, 0 errors, 3 left on base; FCL Minnesota 0 - FCL Cleveland 0
TOP OF THE 2ND
FCL Minnesota Twins batting - Pitching for FCL Cleveland Guardians : RHP Dan Pennington
Batting: LHB Pat Davis 0-0: Ball
1-0: Swinging Strike
1-1: Ball
2-1: Fly out, F3 (Popup, 3, EV 69.4 MPH)
Batting: SHB Pete Anderson 0-0: Ball
1-0: Called Strike
1-1: Ball
2-1: Fly out, F9 (Flyball, 9LSF, EV 77.5 MPH)
Batting: LHB Andy Whittier 0-0: Called Strike
0-1: Foul Ball, location: 5FF
0-2: Strikes out swinging
Top of the 2nd over - 0 runs, 0 hits, 0 errors, 0 left on base; FCL Minnesota 0 - FCL Cleveland 0
BOTTOM OF THE 2ND
FCL Cleveland Guardians batting - Pitching for FCL Minnesota Twins : RHP Dan Burch
Batting: RHB Gil Cantrell 0-0: Fly out, F6 (Popup, 6MD, EV 70.0 MPH)
Batting: RHB Bob Davis 0-0: Ball
1-0: Swinging Strike
1-1: SINGLE (Line Drive, 7S, EV 96.9 MPH)
Batting: RHB Tex Davis 0-0: Ball
1-0: Grounds into double play, 6-4-3 (Groundball, 6, EV 109.4 MPH)
Bottom of the 2nd over - 0 runs, 1 hit, 0 errors, 0 left on base; FCL Minnesota 0 - FCL Cleveland 0
TOP OF THE 3RD
FCL Minnesota Twins batting - Pitching for FCL Cleveland Guardians : RHP Dan Pennington
Batting: RHB Ben White 0-0: Called Strike
0-1: Ball
1-1: Swinging Strike
1-2: Strikes out swinging
Batting: RHB Ben Butler 0-0: Called Strike
0-1: Called Strike
0-2: Foul Ball, location: 2F
0-2: Foul Ball, location: 9LDF
0-2: Ball
1-2: Strikes out swinging
Batting: RHB Luis Sánchez 0-0: Ball
1-0: Foul Ball, location: 2F
1-1: Fly out, F3 (Popup, 3SF, EV 63.1 MPH)
Top of the 3rd over - 0 runs, 0 hits, 0 errors, 0 left on base; FCL Minnesota 0 - FCL Cleveland 0
BOTTOM OF THE 3RD
FCL Cleveland Guardians batting - Pitching for FCL Minnesota Twins : RHP Dan Burch
Batting: RHB Billy Reynolds 0-0: Ball
1-0: Foul Ball, location: 23F
1-1: Ball
2-1: Foul Ball, location: 25F
2-2: Fly out, F7 (Flyball, 7LS, EV 73.8 MPH)
Batting: RHB Tyrone Owens 0-0: Ground out 3-1 (Groundball, 34, EV 104.4 MPH)
Batting: LHB Mike Mueller 0-0: Foul Ball, location: 9LMF
0-1: SOLO HOME RUN (Flyball, 7LD, EV 92.5 MPH), Distance : 344 ft
Batting: RHB Ed Douglas 0-0: Ball
1-0: Called Strike
1-1: Called Strike
1-2: Ball
2-2: SOLO HOME RUN (Flyball, 78XD, EV 111.9 MPH), Distance : 405 ft
Batting: RHB Govaart Schipper 0-0: Called Strike
0-1: Swinging Strike
0-2: Foul Ball, location: 2F
0-2: Strikes out swinging
Bottom of the 3rd over - 2 runs, 2 hits, 0 errors, 0 left on base; FCL Minnesota 0 - FCL Cleveland 2
TOP OF THE 4TH
FCL Minnesota Twins batting - Pitching for FCL Cleveland Guardians : RHP Dan Pennington
Batting: RHB Juan Vargas 0-0: Called Strike
0-1: Fly out, F8 (Flyball, 89D, EV 106.9 MPH)
Batting: RHB Ric Hall 0-0: Ball
1-0: Ball
2-0: Ball
3-0: Base on Balls
Batting: LHB Ty Fiske 0-0: Ball
Ric Hall steals 2nd base
1-0: Swinging Strike
1-1: 2-RUN HOME RUN (Flyball, 9LD, EV 94.4 MPH), Distance : 350 ft
Batting: LHB Pat Davis 0-0: Ball
1-0: Ball
2-0: SINGLE (Line Drive, 7S, EV 90.6 MPH)
Batting: SHB Pete Anderson 0-0: Swinging Strike
0-1: Foul Ball, location: 3SF
0-2: Strikes out swinging
Batting: LHB Andy Whittier 0-0: Ball
1-0: Called Strike
1-1: Called Strike
1-2: Strikes out swinging
Top of the 4th over - 2 runs, 2 hits, 0 errors, 1 left on base; FCL Minnesota 2 - FCL Cleveland 2
BOTTOM OF THE 4TH
FCL Cleveland Guardians batting - Pitching for FCL Minnesota Twins : RHP Dan Burch
Batting: RHB Enrico González 0-0: Foul Ball, location: 9LMF
0-1: Ball
1-1: Ball
2-1: Ball
3-1: Foul Ball, location: 7LSF
3-2: Foul Ball, location: 3FF
3-2: Base on Balls
Batting: RHB Gil Cantrell 0-0: Called Strike
0-1: Ball
1-1: Ball
2-1: Ball
3-1: Sac Bunt - play at second, runner OUT -> throw to first, DP!
Batting: RHB Bob Davis 0-0: Ball
1-0: Foul Ball, location: 5FF
1-1: Ground out 4-3 (Groundball, 4, EV 106.9 MPH)
Bottom of the 4th over - 0 runs, 0 hits, 0 errors, 0 left on base; FCL Minnesota 2 - FCL Cleveland 2
TOP OF THE 5TH
FCL Minnesota Twins batting - Pitching for FCL Cleveland Guardians : RHP Dan Pennington
Batting: RHB Ben White 0-0: Ground out 4-3 (Groundball, 4S, EV 82.5 MPH)
Batting: RHB Ben Butler 0-0: Fly out, F6 (Line Drive, 6, EV 70.0 MPH)
Batting: RHB Luis Sánchez 0-0: Ball
1-0: Ball
2-0: Ball
3-0: Foul Ball, location: 2F
3-1: Fly out, F6 (Popup, 56, EV 68.8 MPH)
Top of the 5th over - 0 runs, 0 hits, 0 errors, 0 left on base; FCL Minnesota 2 - FCL Cleveland 2
BOTTOM OF THE 5TH
FCL Cleveland Guardians batting - Pitching for FCL Minnesota Twins : RHP Dan Burch
Batting: RHB Tex Davis 0-0: Ball
1-0: DOUBLE (Groundball, 5L, EV 96.3 MPH)
Batting: RHB Billy Reynolds 0-0: Called Strike
0-1: Foul Ball, location: 9LMF
0-2: Ball
1-2: Ball
2-2: Foul Ball, location: 2F
2-2: Ball
3-2: Strikes out swinging
Batting: RHB Tyrone Owens 0-0: Called Strike
0-1: Ball
1-1: Ball
2-1: 2-RUN HOME RUN (Line Drive, 9D, EV 96.9 MPH), Distance : 367 ft
Batting: LHB Mike Mueller 0-0: Swinging Strike
0-1: Ball
1-1: Swinging Strike
1-2: Foul Ball, location: 25F
1-2: Strikes out looking
Batting: RHB Ed Douglas 0-0: Called Strike
0-1: Foul Ball, location: 2F
0-2: Ball
1-2: Strikes out swinging
Bottom of the 5th over - 2 runs, 2 hits, 0 errors, 0 left on base; FCL Minnesota 2 - FCL Cleveland 4
TOP OF THE 6TH
FCL Minnesota Twins batting - Pitching for FCL Cleveland Guardians : RHP Dan Pennington
Batting: RHB Juan Vargas 0-0: TRIPLE (Flyball, 78XD, EV 95.6 MPH)
Batting: RHB Ric Hall 0-0: Called Strike
0-1: Called Strike
0-2: Ball
1-2: Strikes out swinging
Batting: LHB Ty Fiske 0-0: Called Strike
0-1: Ball
1-1: Called Strike
1-2: 2-RUN HOME RUN (Flyball, 9LD, EV 89.4 MPH), Distance : 334 ft
Batting: LHB Pat Davis 0-0: Called Strike
0-1: Ball
1-1: DOUBLE (Flyball, 8LXD, EV 110.0 MPH)
Batting: SHB Pete Anderson 0-0: Hit by Pitch
Pinch Runner at 1st Jeremy Marshall:
Batting: LHB Andy Whittier 0-0: Ball
1-0: Ball
2-0: Swinging Strike
2-1: Foul Ball, location: 2F
2-2: Ball
3-2: Strikes out swinging
Batting: RHB Ben White 0-0: Ball
1-0: Swinging Strike
1-1: Swinging Strike
1-2: Strikes out looking
Top of the 6th over - 2 runs, 3 hits, 0 errors, 2 left on base; FCL Minnesota 4 - FCL Cleveland 4
BOTTOM OF THE 6TH
FCL Cleveland Guardians batting - Pitching for FCL Minnesota Twins : RHP Dan Burch
Now in RF: Jeremy Marshall
Batting: RHB Govaart Schipper 0-0: Called Strike
0-1: Fly out, F9 (Flyball, 9S, EV 84.4 MPH)
Batting: RHB Enrico González 0-0: Foul Ball, location: 23FF
0-1: Foul Ball, location: 9LSF
0-2: Ball
1-2: Strikes out swinging
Batting: RHB Gil Cantrell 0-0: Foul Ball, location: 9LDF
0-1: Foul Ball, location: 23FF
0-2: Strikes out swinging
Bottom of the 6th over - 0 runs, 0 hits, 0 errors, 0 left on base; FCL Minnesota 4 - FCL Cleveland 4
TOP OF THE 7TH
FCL Minnesota Twins batting - Pitching for FCL Cleveland Guardians : RHP Dan Pennington
Batting: RHB Ben Butler 0-0: SINGLE (Line Drive, 78S, EV 85.0 MPH)
Batting: RHB Luis Sánchez 0-0: Hit by Pitch
Ben Butler to second
Batting: RHB Juan Vargas 0-0: Ball
1-0: Ball
Ben Butler is caught stealing 3rd base 2-5
Luis Sánchez to second
2-0: Called Strike
2-1: Ball
3-1: Base on Balls
Batting: RHB Ric Hall 0-0: Ball
Luis Sánchez steals 3rd base
Juan Vargas to second
1-0: Swinging Strike
1-1: Foul Ball, location: 9LMF
1-2: Ball
2-2: Strikes out looking
Pitching: RHP Gürcan Derbil
Batting: LHB Ty Fiske 0-0: Ball
1-0: Ball
2-0: Called Strike
2-1: Ground out 1-3 (Groundball, 13S, EV 66.9 MPH)
Top of the 7th over - 0 runs, 1 hit, 0 errors, 2 left on base; FCL Minnesota 4 - FCL Cleveland 4
BOTTOM OF THE 7TH
FCL Cleveland Guardians batting - Pitching for FCL Minnesota Twins : RHP Dan Burch
Batting: RHB Bob Davis 0-0: Called Strike
0-1: Called Strike
0-2: Strikes out looking
Batting: RHB Tex Davis 0-0: Ball
1-0: Ball
2-0: DOUBLE (Flyball, 8RXD, EV 106.9 MPH)
Batting: RHB Billy Reynolds 0-0: Called Strike
0-1: Called Strike
0-2: Foul Ball, location: 2RF
0-2: Ball
1-2: Ground out U3 (Groundball, 34, EV 107.5 MPH)
Tex Davis to third
Batting: RHB Tyrone Owens 0-0: Called Strike
0-1: Ball
1-1: Foul Ball, location: 7LSF
1-2: Reached on error, E6 (Groundball, 56, EV 87.5 MPH)
Tex Davis scores
Batting: LHB Mike Mueller 0-0: Ball
1-0: Ball
2-0: Called Strike
2-1: Swinging Strike
2-2: Ball
3-2: Base on Balls
Batting: RHB Ed Douglas 0-0: Called Strike
0-1: Ball
1-1: Called Strike
1-2: Ball
2-2: Ball
3-2: Base on Balls
Tyrone Owens to third
Mike Mueller to second
Batting: RHB Govaart Schipper 0-0: Ball
1-0: Foul Ball, location: 3FF
1-1: Swinging Strike
1-2: Strikes out swinging
Bottom of the 7th over - 1 run, 1 hit, 1 error, 3 left on base; FCL Minnesota 4 - FCL Cleveland 5
TOP OF THE 8TH
FCL Minnesota Twins batting - Pitching for FCL Cleveland Guardians : RHP Gürcan Derbil
Batting: LHB Pat Davis 0-0: Called Strike
0-1: Foul Ball, location: 3SF
0-2: DOUBLE (Flyball, 8RD, EV 103.8 MPH)
Batting: SHB Jeremy Marshall 0-0: Called Strike
0-1: Ball
1-1: Foul Ball, location: 7LDF
1-2: Ball
2-2: Fly out, F9 (Flyball, 9D, EV 86.9 MPH)
Runner from 2nd tags up, SAFE at 3rd, no throw by RF
Batting: LHB Mitchell Calleson 0-0: Ball
1-0: DOUBLE (Flyball, 8RD, EV 89.4 MPH)
Pat Davis scores
Pinch Hitting: SHB Mike Smith 0-0: Intentional Walk
Batting: RHB Ben Butler 0-0: Ball
1-0: Ball
2-0: Foul Ball, location: 25F
2-1: Called Strike
2-2: Strikes out looking
Pinch Hitting: RHB Mike Simpson 0-0: Ball
1-0: Called Strike
1-1: Foul Ball, location: 9LSF
1-2: Ball
2-2: Strikes out looking
Top of the 8th over - 1 run, 2 hits, 0 errors, 2 left on base; FCL Minnesota 5 - FCL Cleveland 5
BOTTOM OF THE 8TH
FCL Cleveland Guardians batting - Pitching for FCL Minnesota Twins : RHP Dan Burch
Now at 2B: Curt Brooks
Now in CF: Mike Simpson
Batting: RHB Enrico González 0-0: Ball
1-0: Ball
2-0: Ground out 1-3 (Groundball, 15, EV 70.0 MPH)
Batting: RHB Gil Cantrell 0-0: Ball
1-0: Foul Ball, location: 2F
1-1: Ball
2-1: Called Strike
2-2: Ball
3-2: Base on Balls
Batting: RHB Bob Davis 0-0: Ball
1-0: Foul Ball, location: 3DF
1-1: Ball
2-1: Ball
3-1: Bunt missed!
3-2: Fly out, F8 (Line Drive, 8LD, EV 84.4 MPH)
Batting: RHB Tex Davis 0-0: Called Strike
0-1: Ground out 4-3 (Groundball, 34S, EV 82.5 MPH)
Bottom of the 8th over - 0 runs, 0 hits, 0 errors, 1 left on base; FCL Minnesota 5 - FCL Cleveland 5
TOP OF THE 9TH
FCL Minnesota Twins batting - Pitching for FCL Cleveland Guardians : RHP Gürcan Derbil
Batting: RHB Juan Vargas 0-0: Ball
1-0: SINGLE (Line Drive, 89S, EV 97.5 MPH)
Batting: RHB Ric Hall 0-0: Ball
Juan Vargas steals 2nd base
1-0: 2-RUN HOME RUN (Line Drive, 7D, EV 97.5 MPH), Distance : 374 ft
Pitching: RHP Tomás García
Batting: LHB Ty Fiske 0-0: Called Strike
0-1: Foul Ball, location: 2F
0-2: Ball
1-2: Ball
2-2: Ball
3-2: Base on Balls
Batting: LHB Pat Davis 0-0: Fly out, F7 (Flyball, 7, EV 87.5 MPH)
Batting: SHB Jeremy Marshall 0-0: Swinging Strike
0-1: Swinging Strike
0-2: DOUBLE (Flyball, 8LXD, EV 99.4 MPH)
Ty Fiske to third
Batting: LHB Mitchell Calleson 0-0: Intentional Walk
Pinch Hitting: RHB Dan Hall 0-0: Foul Ball, location: 23F
0-1: Foul Ball, location: 23FF
0-2: Fly out, F9 (Flyball, 89D, EV 95.0 MPH)
Runner from 3rd tags up, OUT at HOME! 9-2
Top of the 9th over - 2 runs, 3 hits, 0 errors, 2 left on base; FCL Minnesota 7 - FCL Cleveland 5
BOTTOM OF THE 9TH
FCL Cleveland Guardians batting - Pitching for FCL Minnesota Twins : RHP Dan Burch
Now at 2B: Dan Hall
Pinch Hitting: SHB Samuel Avery 0-0: Foul Ball, location: 3F
0-1: Called Strike
0-2: Ground out 6-3 (Groundball, 6MS, EV 63.1 MPH)
Batting: RHB Tyrone Owens 0-0: Ball
1-0: Foul Ball, location: 2F
1-1: Foul Ball, location: 2F
1-2: SINGLE (Line Drive, 9LS, EV 92.5 MPH)
Batting: LHB Mike Mueller 0-0: Called Strike
0-1: Ball
1-1: Fly out, F8 (Flyball, 8RD, EV 93.1 MPH)
Batting: RHB Ed Douglas 0-0: Ball
1-0: Fielders Choice at 2nd, 5-4 (Groundball, 56, EV 76.3 MPH)
Bottom of the 9th over - 0 runs, 1 hit, 0 errors, 1 left on base; FCL Minnesota 7 - FCL Cleveland 5
Friday, May 3rd , 2024 - OOTP Baseball 24.10 Build 82